[Event "98th Caplin Hastings Masters 2024-25"]
[Site "Hastings"]
[Date "2024.12.31"]
[Round "6.32"]
[White "Vaidyanathan, Adithya"]
[Black "Golding, James"]
[Result "0-1"]
[ECO "D36"]
[WhiteElo "1904"]
[BlackElo "2203"]
[Annotator "TA"]
[PlyCount "68"]
[EventDate "2024.12.23"]
[EventType "swiss"]
[EventCountry "ENG"]
[SourceTitle "playchess.com"]
[Source "ChessBase"]
[SourceQuality "1"]
[TimeControl "5400+30"]

1. d4 d5 2. Nf3 Nf6 3. c4 e6 4. Nc3 Be7 5. Bg5 O-O 6. e3 Nbd7 7. cxd5 exd5 8. Bd3 c6 9. O-O Re8 10. Qc2 Nf8 11. Ne5 g6 12. f4 {[%emt 0:01:11] With the idea f5.} Ne6 (12... Ng4 $11 {remains equal.} 13. Bxe7 Rxe7) 13. Bh4 Ng7 14. f5 $1 Nd7 (14... Nxf5 $142 15. Bxf5 gxf5 (15... Bxf5 16. Rxf5 gxf5 17. Qxf5 $16)) 15. fxg6 (15. Ng4 $142 $1 {[%cal Rg4h6] aiming for Nh6+.} Bxh4 16. Nh6+ Kf8 17. fxg6) 15... Nxe5 $16 16. gxf7+ (16. gxh7+ $16 Kh8 17. Bxe7 (17. dxe5 $2 Bxh4 18. Rxf7 Be6 $17) 17... Qxe7 18. dxe5) 16... Nxf7 $17 17. Bxh7+ Kh8 18. Rxf7 {[%emt 0:03:47][%cal Oc2g6] Intending Qg6! and mate.} Bxh4 19. Qg6 {[%emt 0:00:31] Against Qg5} (19. Raf1 $1 $15 Bg4 (19... Rxe3 20. Rf8+) (19... Be6 20. Rxg7 Bg5 21. Rxb7 $16) 20. Qg6 (20. Rxb7 $2 Qg5 $19)) 19... Qg5 $1 20. Raf1 {[%emt 1:02:16] [#]} (20. Rxg7 $2 Qxe3+ 21. Kh1 Qe1+ 22. Rxe1 Rxe1#) (20. Kh1 $17) 20... Be6 $1 $19 ({Worse is} 20... Qxe3+ 21. Kh1) (20... Qxg6 21. Bxg6 Be6 (21... Rxe3 22. Rf8#) 22. Rxb7 $17) 21. Rxb7 {[%emt 0:00:00] [#]} (21. R7f4 $142) 21... Rf8 $1 22. Rf4 {[%emt 0:00:00] [#]} (22. Rxg7 $2 {leads to mate.} Qxe3+) (22. Rxf8+ Rxf8 23. Nd1 Bg4 24. Qxg5 Bxg5 $19) (22. Nd1 Bg4) 22... Qxg6 $1 23. Bxg6 Bg5 {[%emt 0:00:06] This pair of bishops is nice.} 24. Rf3 Rxf3 25. gxf3 Bxe3+ 26. Kg2 Bxd4 27. Ne2 Be3 28. h4 d4 29. a3 Rd8 30. h5 d3 31. Nc3 d2 32. Nd1 Bb6 33. h6 Nf5 {[%emt 0:00:32] aiming for ...Nh4+.} 34. a4 Nh4+ 0-1

[Event "98th Caplin Hastings Masters 2024-25"]
[Site "Hastings"]
[Date "2024.12.31"]
[Round "6.33"]
[White "Keely, Leo A"]
[Black "Patel, Zain"]
[Result "0-1"]
[ECO "C60"]
[WhiteElo "1899"]
[BlackElo "2099"]
[Annotator "NA RC"]
[PlyCount "76"]
[EventDate "2024.12.23"]
[EventType "swiss"]
[EventCountry "ENG"]
[SourceTitle "playchess.com"]
[Source "ChessBase"]
[SourceQuality "1"]
[TimeControl "5400+30"]

1. e4 e5 2. Nf3 Nc6 3. Bb5 Nge7 4. O-O Ng6 5. d4 exd4 6. Nxd4 Bc5 7. Nf5 {[%emt 0:07:55] C60: Ruy Lopez: Unusual Black 3rd moves and 3...g6.} O-O 8. Bxc6 dxc6 9. Qxd8 Rxd8 10. Nc3 Be6 11. Be3 Bf8 12. Rfd1 f6 13. Nd4 Bf7 14. a3 Ne5 15. Bf4 Bh5 16. Nde2 Bc5 17. h3 Re8 18. g4 Bg6 19. Ng3 Rad8 20. Kg2 Bf7 $11 21. Nf5 Be6 22. g5 Rxd1 23. Rxd1 Ng6 24. Bxc7 fxg5 25. Nd4 Nh4+ 26. Kg3 Bf7 27. Nf3 Nxf3 28. Rd8 Rxd8 29. Bxd8 Nd4 30. Bxg5 Nxc2 31. f4 Bd4 32. Be7 c5 33. Nb5 Bxb2 34. Bxc5 a6 35. Nd6 b5 36. e5 Bxa3 37. Bxa3 Nxa3 38. f5 Nc4 0-1

[Event "98th Caplin Hastings Masters 2024-25"]
[Site "Hastings"]
[Date "2024.12.31"]
[Round "6.34"]
[White "Buckland, Louis"]
[Black "Bharat Kumar, Balahari"]
[Result "0-1"]
[ECO "E12"]
[WhiteElo "1856"]
[BlackElo "2063"]
[Annotator "NA"]
[PlyCount "140"]
[EventDate "2024.12.23"]
[EventType "swiss"]
[EventCountry "ENG"]
[SourceTitle "playchess.com"]
[Source "ChessBase"]
[SourceQuality "1"]
[TimeControl "5400+30"]

1. d4 b6 2. c4 Bb7 3. Nc3 e6 4. a3 d5 5. cxd5 exd5 6. Nf3 Nf6 7. Bg5 Be7 8. e3 O-O 9. Bd3 Nbd7 10. O-O h6 11. Bh4 c5 12. Rc1 a6 13. Bb1 Re8 14. Qd3 c4 15. Qc2 b5 16. Rcd1 Qb6 17. Ne5 Nf8 18. f3 a5 19. e4 b4 20. axb4 axb4 21. Ne2 Ba6 22. Rfe1 b3 23. Qd2 Bb4 24. Nc3 Bxc3 25. bxc3 Rxe5 26. Bxf6 gxf6 27. Qxh6 Rae8 28. Re3 Rg5 29. f4 Rg6 30. Qh4 f5 31. e5 Rh6 32. Rg3+ Kh8 33. Qg5 Qg6 34. Bxf5 Qxg5 35. fxg5 Rb6 36. h4 Bc8 37. Bb1 Ng6 38. Rf1 Kg8 39. h5 Nf8 40. Rf6 Rbe6 41. h6 Ng6 42. h7+ Kg7 43. Rgf3 Rxf6 44. Rxf6 Nh8 45. Rd6 Be6 46. Kf2 Ng6 47. g4 Kxh7 48. Bf5 Kg7 49. Rb6 Nh4 50. g6 Nxf5 51. gxf5 Bxf5 52. gxf7 Re6 53. Rb7 Kf8 54. Ke3 Re7 55. Rb8+ Kxf7 56. Kf4 Be6 57. Kg5 Kg7 58. Rb6 Bf7 59. Rb5 Bg6 60. Rb6 Be4 61. Rb8 Kf7 62. Rb6 Re6 63. Rb7+ Ke8 64. Kf4 Rg6 65. Rb5 Kd7 66. Rb7+ Kc6 67. Rb8 Kc7 68. Rb5 Rb6 69. Rxb6 Kxb6 70. e6 Kc7 0-1

[Event "98th Caplin Hastings Masters 2024-25"]
[Site "Hastings"]
[Date "2024.12.31"]
[Round "6.35"]
[White "Gorainow, Nikita"]
[Black "Kennedy, Craig"]
[Result "0-1"]
[ECO "C10"]
[WhiteElo "2045"]
[BlackElo "1851"]
[Annotator "TA"]
[PlyCount "124"]
[EventDate "2024.12.23"]
[EventType "swiss"]
[EventCountry "ENG"]
[SourceTitle "playchess.com"]
[Source "ChessBase"]
[SourceQuality "1"]
[TimeControl "5400+30"]

1. e4 e6 2. d4 d5 3. Nc3 dxe4 4. Nxe4 Bd7 5. Nf3 Bc6 6. Bd3 Nd7 7. O-O Ngf6 8. Ng3 Be7 9. Ne5 $2 (9. Qe2 $14 {stays ahead.}) 9... Nxe5 $17 10. dxe5 {[%emt 0:00:03] [#]} Qd5 $1 11. f3 (11. Qf3 Qxe5) 11... Qxe5 12. Re1 Qd6 {[%emt 0:09:28] Black is more active.} 13. Be3 O-O-O 14. Qd2 Kb8 15. Qf2 b6 16. Rad1 Qb4 17. c3 Qh4 18. Bd4 Bd6 19. b4 (19. Nf1 $17 Qxf2+ 20. Bxf2) 19... Nh5 $19 20. Be5 (20. Nf1 $17 Qxf2+ 21. Bxf2) 20... Bxe5 21. Rxe5 Nf4 22. Qc2 Rxd3 23. Rxd3 Nxd3 24. Qxd3 Rd8 25. Qc2 Qf4 26. Re2 Bb5 27. Re4 Qd2 28. Qxd2 Rxd2 29. Rd4 Rxd4 (29... Rxa2 30. c4 Ba6 31. Nh5) (29... Rc2 $19 30. h4 Rc1+ (30... Rxa2 31. Rd8+ Kb7 32. Ne4 $17) (30... Rxc3 $2 31. Rd8+ Kb7 32. h5 $19) 31. Kh2 Rxc3 32. Rd8+ Kb7) 30. cxd4 {[%emt 0:00:05][%mdl 4096] Endgame KB-KN. Black is a pawn up.} Kb7 31. Kf2 $2 (31. Ne4 $17) 31... Kc6 32. Ke3 Kd5 33. Ne4 h6 34. a4 Bf1 (34... Bxa4 $142 35. Nc3+ Kc4 36. Nxa4 Kb3 (36... Kxb4 $2 37. Nb2 $19) 37. Nxb6 cxb6 (37... axb6 $2 38. b5 $19)) 35. g3 Ba6 36. b5 Bb7 37. Kd3 c6 38. Nc3+ Kd6 39. Ne4+ Kd7 40. Nd2 (40. Kc3 {was necessary.}) 40... cxb5 41. axb5 a5 42. f4 Bd5 43. Kc3 Kd6 44. Kb2 (44. Nf1 {is the only way for White.}) 44... f6 45. Kc3 g6 46. h4 (46. Nf1 $142) 46... h5 47. Kb2 Bb7 48. Nc4+ {[%emt 0:00:37] [#]} Kc7 $1 ({Inferior is} 48... Kd5 49. Kc3 $16) 49. Nd2 Bd5 50. Kc3 Kd6 $2 (50... Kd7 51. Nf1 Kd6) 51. Kb2 e5 52. fxe5+ fxe5 53. Kc3 e4 {[%emt 0:00:00] Hoping for ...e3.} 54. Nf1 Ba2 ({Not} 54... a4 55. Kb4 $17) 55. Nd2 $2 (55. Ne3) 55... e3 56. Ne4+ Kd5 57. Nf6+ Ke6 58. Ne8 Bd5 {[%emt 0:00:00] ( -> ...e2)} 59. Kd3 a4 {[%emt 0:00:00] ( -> ...a3)} 60. Kxe3 a3 61. Nc7+ Kd6 62. Na6 a2 0-1

[Event "98th Caplin Hastings Masters 2024-25"]
[Site "Hastings"]
[Date "2024.12.31"]
[Round "6.36"]
[White "Jacobs, Simon"]
[Black "Rayner, Francis"]
[Result "1/2-1/2"]
[ECO "C46"]
[WhiteElo "1873"]
[BlackElo "2013"]
[Annotator "NA RC"]
[PlyCount "22"]
[EventDate "2024.12.23"]
[EventType "swiss"]
[EventCountry "ENG"]
[SourceTitle "playchess.com"]
[Source "ChessBase"]
[SourceQuality "1"]
[TimeControl "5400+30"]

1. e4 e5 2. Nf3 Nc6 3. Nc3 g6 4. d4 exd4 5. Nxd4 Bg7 6. Be3 Nf6 7. Nxc6 bxc6 8. e5 Ng8 9. f4 d6 10. Qf3 Ne7 11. O-O-O Be6 1/2-1/2

[Event "98th Caplin Hastings Masters 2024-25"]
[Site "Hastings"]
[Date "2024.12.31"]
[Round "6.37"]
[White "Suez-Panama, Gilles"]
[Black "Rubeck, Jonathan"]
[Result "1-0"]
[ECO "E14"]
[WhiteElo "1979"]
[BlackElo "1824"]
[Annotator "NA RC"]
[PlyCount "63"]
[EventDate "2024.12.23"]
[EventType "swiss"]
[EventCountry "ENG"]
[SourceTitle "playchess.com"]
[Source "ChessBase"]
[SourceQuality "1"]
[TimeControl "5400+30"]

1. Nf3 d5 2. b3 e6 3. Bb2 Nf6 4. e3 Be7 5. d4 b6 6. Bd3 Bb7 7. Nbd2 Nbd7 8. O-O O-O 9. c4 c5 10. Qe2 Re8 11. Rfd1 Ne4 12. Nf1 Bf6 13. Rac1 Qe7 14. Ne5 Nxe5 15. dxe5 Bg5 16. f3 f5 17. cxd5 exd5 18. fxe4 fxe4 19. Ba6 d4 20. Bxb7 Qxb7 21. Rb1 d3 22. Qg4 Bh6 23. Rbc1 Rf8 24. Qg3 Rf5 25. Nd2 g6 26. Rf1 Rg5 27. Qh3 Rh5 28. Qe6+ Kh8 29. Rf7 Qc8 30. Qf6+ Kg8 31. e6 Rf5 32. Qh8# 1-0

[Event "98th Caplin Hastings Masters 2024-25"]
[Site "Hastings"]
[Date "2024.12.31"]
[Round "6.38"]
[White "Kim, Taewoo A"]
[Black "Hu, Junyan"]
[Result "1/2-1/2"]
[ECO "D43"]
[WhiteElo "1863"]
[BlackElo "1933"]
[Annotator "NA RC"]
[PlyCount "97"]
[EventDate "2024.12.23"]
[EventType "swiss"]
[EventCountry "ENG"]
[SourceTitle "playchess.com"]
[Source "ChessBase"]
[SourceQuality "1"]
[TimeControl "5400+30"]

1. d4 Nf6 2. c4 e6 3. Nf3 d5 4. Nc3 dxc4 5. Qa4+ c6 6. Qxc4 b5 7. Qd3 a6 8. e4 c5 9. Be3 c4 10. Qc2 Bb7 11. e5 Nd5 12. Be2 Nd7 13. O-O Be7 14. Nxd5 Bxd5 15. Nd2 O-O 16. f4 f6 17. Bf3 Nb6 18. b3 Rc8 19. bxc4 Nxc4 20. Nxc4 Rxc4 21. Qe2 f5 22. Rfc1 Rxc1+ 23. Rxc1 Bc4 24. Qd2 Ba3 25. Rd1 a5 26. d5 Bb4 27. Qb2 exd5 28. Bxd5+ Kh8 29. Qd4 Qc7 30. Qb6 Qxb6 31. Bxb6 Rb8 32. Bxc4 bxc4 33. a3 Bxa3 34. Bxa5 h6 35. e6 Re8 36. Bc3 Rxe6 37. Rd8+ Kh7 38. Rc8 Re4 39. Rc7 Bf8 40. Be5 Re1+ 41. Kf2 Rc1 42. Rc8 Ba3 43. Rc7 Rc2+ 44. Kf3 Bf8 45. Rc8 Be7 46. Rc7 Bf8 47. Rc8 Be7 48. Rc7 Bf8 49. Rc8 1/2-1/2

[Event "98th Caplin Hastings Masters 2024-25"]
[Site "Hastings"]
[Date "2024.12.31"]
[Round "6.39"]
[White "Lee, Jungsoo"]
[Black "Ahn, Sungmin"]
[Result "0-1"]
[ECO "B42"]
[WhiteElo "1705"]
[BlackElo "1926"]
[Annotator "NA RC"]
[PlyCount "90"]
[EventDate "2024.12.23"]
[EventType "swiss"]
[EventCountry "ENG"]
[SourceTitle "playchess.com"]
[Source "ChessBase"]
[SourceQuality "1"]
[TimeControl "5400+30"]

1. e4 c5 2. Nf3 e6 3. d4 cxd4 4. Nxd4 a6 5. Bd3 Nf6 6. O-O Qc7 7. c4 Nc6 8. Nxc6 dxc6 9. Qe2 e5 10. Nc3 Bg4 11. f3 Be6 12. Be3 Be7 13. Qf2 Nd7 14. Rac1 Qa5 15. Nd5 cxd5 16. cxd5 Bxd5 17. exd5 O-O 18. Qc2 Nf6 19. f4 Qxd5 20. fxe5 Qxe5 21. Rf3 Rad8 22. Rcf1 Rc8 23. Qa4 Rfd8 24. Bf5 Rc6 25. Qh4 Bc5 26. Bxh7+ Kf8 27. Bxc5+ Qxc5+ 28. Kh1 Rd4 29. Qh3 Qg5 30. Bd3 Rh4 31. Qf5 Qxf5 32. Rxf5 Rd4 33. Be2 Rc2 34. Bf3 Rxb2 35. g4 Nxg4 36. Bxg4 Rxg4 37. Rxf7+ Kg8 38. R7f2 Rbb4 39. Rc2 Kh7 40. h3 Rg3 41. Kh2 Ra3 42. Kg2 Rba4 43. Rff2 b5 44. Kh2 Rh4 45. Rc7 Raxh3+ 0-1

[Event "98th Caplin Hastings Masters 2024-25"]
[Site "Hastings"]
[Date "2024.12.31"]
[Round "6.40"]
[White "Choi, Hyunbin"]
[Black "Jukes, Sam"]
[Result "0-1"]
[ECO "C56"]
[WhiteElo "1673"]
[BlackElo "1911"]
[Annotator "NA RC"]
[PlyCount "46"]
[EventDate "2024.12.23"]
[EventType "swiss"]
[EventCountry "ENG"]
[SourceTitle "playchess.com"]
[Source "ChessBase"]
[SourceQuality "1"]
[TimeControl "5400+30"]

1. e4 e5 2. Nf3 Nc6 3. Bc4 Nf6 4. d4 exd4 5. e5 d5 6. Bb5 Nd7 7. O-O Be7 8. Bxc6 bxc6 9. Nxd4 Nb8 10. f4 c5 11. Nf3 O-O 12. Be3 Nc6 13. Nbd2 f6 14. c3 fxe5 15. fxe5 a5 16. Nb3 Bg4 17. Bxc5 Bxc5+ 18. Nxc5 Nxe5 19. Qd4 Nxf3+ 20. gxf3 Bh3 21. Rf2 Qg5+ 22. Kh1 Rae8 23. Rg1 Qxg1+ 0-1

[Event "98th Caplin Hastings Masters 2024-25"]
[Site "Hastings"]
[Date "2024.12.31"]
[Round "6.41"]
[White "Brown, Tom"]
[Black "Zhou, Yang-Fan"]
[Result "0-1"]
[ECO "A45"]
[WhiteElo "1932"]
[BlackElo "2424"]
[Annotator "TA"]
[PlyCount "24"]
[EventDate "2024.12.23"]
[EventType "swiss"]
[EventCountry "ENG"]
[SourceTitle "playchess.com"]
[Source "ChessBase"]
[SourceQuality "1"]
[TimeControl "5400+30"]

1. d4 Nf6 2. Bg5 c5 3. d5 Ne4 4. h4 h6 5. Bc1 e6 6. dxe6 fxe6 (6... dxe6 {simplifies} 7. Qxd8+ Kxd8 8. Nd2 Nxd2 9. Bxd2 Kc7) 7. Qd3 (7. e3 $11) 7... d5 $15 8. Nd2 {[%emt 0:10:25] [#]} (8. c4 $1 $15) 8... c4 $1 $17 9. Qf3 {[%emt 0:07:39] [#]} Nf6 $1 {[%emt 0:03:45] Active counter play!} 10. g4 Nc6 ({Black should try} 10... e5 $17 {[%cal Ob8c6] White must now prevent ...Nc6!.} 11. g5 Ng4) 11. e4 $2 (11. g5 $15 hxg5 12. hxg5) 11... Bc5 $19 12. g5 Nd4 0-1

[Event "98th Caplin Hastings Masters 2024-25"]
[Site "Hastings"]
[Date "2024.12.31"]
[Round "6.42"]
[White "Raffin-Sumyk, Piermael"]
[Black "Vaidyanathan, Sathya"]
[Result "1/2-1/2"]
[ECO "C30"]
[WhiteElo "1512"]
[BlackElo "1908"]
[Annotator "TA"]
[PlyCount "74"]
[EventDate "2024.12.23"]
[EventType "swiss"]
[EventCountry "ENG"]
[SourceTitle "playchess.com"]
[Source "ChessBase"]
[SourceQuality "1"]
[TimeControl "5400+30"]

1. e4 e5 2. Nc3 Nc6 3. Bc4 Nf6 4. d3 Bc5 5. f4 O-O 6. Nf3 d6 7. f5 Na5 8. Bb3 Nxb3 9. axb3 h6 10. h3 (10. Nd2 $142) 10... d5 $11 11. Qe2 {[%emt 0:12:39] [#]} (11. Nd2 $11 {remains equal.}) 11... dxe4 (11... Nh5 $1 $17 {[%cal Rh5g3] ...Ng3 is the strong threat.} 12. g4 (12. Nxe5 $2 Ng3 $19) 12... Ng3) 12. dxe4 Nh5 13. Qd2 $2 (13. g4 $11 Ng3 14. Qc4) 13... Qxd2+ (13... Ng3 $19 {is more deadly.} 14. Rh2 f6) 14. Bxd2 $17 Re8 ({Black should play} 14... Ng3 $17 15. Rh2 f6) 15. O-O-O (15. g4 $11 Nf6 16. g5 hxg5 17. Bxg5) 15... c6 (15... b6 $15) 16. Ne2 (16. g4 $5 Nf6 $8 17. Rhe1 $17) 16... Nf6 17. Nc3 b5 18. Rde1 Bb7 19. Be3 Bb4 20. Nd2 Bxc3 (20... a5 $17) 21. bxc3 $11 a5 22. Kb2 a4 23. Bc5 Nd7 24. Bf2 Ra6 25. Ra1 Rea8 26. Ra3 axb3 27. Rxa6 Rxa6 28. cxb3 Nf6 29. Bc5 Nd7 30. Bf2 c5 31. Re1 g6 32. g4 Rd6 33. Kc2 Ra6 34. Kb2 h5 35. Bg3 hxg4 36. hxg4 Nf6 37. g5 Nh7 (37... Rd6 $11 {is more appropriate.} 38. Re2 (38. Bxe5 Rxd2+ 39. Kc1 Nd7 $15) 38... Ng4) 1/2-1/2

[Event "98th Caplin Hastings Masters 2024-25"]
[Site "Hastings"]
[Date "2024.12.31"]
[Round "6.43"]
[White "Ruane, Brendan J"]
[Black "Muir, Andrew J"]
[Result "1/2-1/2"]
[ECO "B40"]
[WhiteElo "1869"]
[BlackElo "2214"]
[Annotator "TA"]
[PlyCount "116"]
[EventDate "2024.12.23"]
[EventType "swiss"]
[EventCountry "ENG"]
[SourceTitle "playchess.com"]
[Source "ChessBase"]
[SourceQuality "1"]
[TimeControl "5400+30"]

1. Nc3 c5 2. Nf3 d5 3. e4 e6 4. Bb5+ Nc6 5. O-O a6 6. Bxc6+ bxc6 7. e5 c4 8. b3 cxb3 9. axb3 Nh6 (9... c5 $14) 10. Na4 {[%emt 0:04:18] White is more active.} c5 11. Ba3 Qc7 12. d4 cxd4 13. Bxf8 ({Don't play} 13. Nxd4 $6 Bxa3 14. Rxa3 Qxe5 $11) 13... Kxf8 14. Qxd4 Nf5 15. Qc5+ Qe7 16. Qxe7+ Kxe7 17. Nb6 (17. g4 $16 Nh6 18. h3) 17... Rb8 $11 18. Nxc8+ Rhxc8 19. g4 Nh6 20. h3 Rb6 21. Ra2 f6 22. Rfa1 Ra8 23. b4 Nf7 24. exf6+ gxf6 25. b5 Rxb5 26. Rxa6 Rxa6 27. Rxa6 {[%emt 0:00:08][%mdl 4096] Endgame KRN-KRN} Nd6 28. Kg2 Rb7 29. g5 fxg5 30. Nxg5 h6 31. Nf3 Rc7 32. Nd4 e5 33. Rxd6 Kxd6 {[%emt 0:00:07] KR-KN} 34. Nb5+ Kd7 35. Nxc7 Kxc7 {[%emt 0:00:03] K3P-K3P} 36. Kf3 Kd6 37. Kg4 Ke6 38. h4 Kf6 39. Kg3 $2 (39. h5 $11) 39... Kf5 40. Kf3 d4 $2 (40... h5 {mates} 41. c3 e4+ 42. Ke3 Ke5 43. f3 exf3 44. Kxf3 Kf5 45. Ke3 Kg4 46. Kd4 Kxh4 47. Kxd5 Kg3 48. Ke6 h4 49. Ke7 h3 50. Kd6 h2 51. c4 h1=Q (51... h1=R 52. c5 $11) 52. c5 Kf4 53. c6 Qd1+ 54. Ke6 Qd8 55. c7 Qxc7 56. Kd5 Qa5+ 57. Kd6 Kf5 58. Kd7 Qc5 59. Ke8 Ke6 60. Kd8 Qc4 61. Ke8 Qc8#) 41. Ke2 $1 Kf4 {[%emt 0:03:04] ( -> ...e4)} (41... Kg4 $5 42. Kd3 $8 Kxh4 $11 (42... Kf3 43. h5 $11)) 42. Kd3 Kf3 43. h5 Kf4 (43... Kxf2 $5 44. Ke4 $8 Ke2 $11) 44. c3 dxc3 45. Kxc3 {[%emt 0:00:05] KPP-KPP} Kf3 46. Kd3 Kxf2 {[%emt 0:00:05] ( -> ...Kf3). KPP-KP. Black is a pawn up.} 47. Ke4 Kg3 48. Kxe5 {[%emt 0:00:17] KP-KP} Kg4 49. Kf6 {[%emt 0:00:37] Threatening mate with Kg6.} Kxh5 {[%emt 0:00:05] ( -> ...Kg4). KP-K. Black is a pawn up.} 50. Kf5 Kh4 51. Kf4 Kh3 (51... h5 $5) 52. Kf3 h5 53. Kf2 Kh2 54. Kf1 h4 55. Kf2 h3 56. Kf1 Kg3 {[%emt 0:00:03] ( -> ...h2)} (56... Kh1 $5) 57. Kg1 h2+ 58. Kh1 Kh3 1/2-1/2

[Event "98th Caplin Hastings Masters 2024-25"]
[Site "Hastings"]
[Date "2024.12.31"]
[Round "6.44"]
[White "Chandler, Cliff R"]
[Black "Butt, Laurence"]
[Result "1-0"]
[ECO "B20"]
[WhiteElo "2161"]
[BlackElo "1818"]
[Annotator "TA"]
[PlyCount "57"]
[EventDate "2024.12.23"]
[EventType "swiss"]
[EventCountry "ENG"]
[SourceTitle "playchess.com"]
[Source "ChessBase"]
[SourceQuality "1"]
[TimeControl "5400+30"]

1. e4 c5 2. b4 b6 3. Nf3 Bb7 4. bxc5 Bxe4 5. Nc3 Bxf3 (5... Bb7 $11) 6. Qxf3 $14 Nc6 {[%emt 0:00:15] Black is weak on the light squares} 7. cxb6 axb6 8. Bb5 Rc8 9. Ba3 e6 10. Bxf8 Kxf8 11. O-O d5 12. Rab1 Nf6 13. Rfe1 (13. Na4 $14) 13... Nd7 (13... g6 $11 {should be considered.}) 14. Bxc6 (14. Rxe6 Nd4 15. Qf4 Nxe6 $17) 14... Rxc6 15. Nb5 h5 $2 (15... Kg8 $11 {and Black has nothing to worry.}) 16. Nd4 $1 $18 Qc8 17. Nxc6 ({Weaker is} 17. Rxe6 Rxe6 18. Nxe6+ Kg8 $18) 17... Qxc6 18. Qa3+ Kg8 19. Qe7 Qc8 $2 {[%emt 0:06:38] Inhibits Qe8+.} (19... Nf6 20. Rb2 h4) 20. Rb3 d4 21. Ra3 {[%emt 0:02:17] And now Ra7 would win.} Qf8 22. Qxf8+ Nxf8 {[%emt 0:03:19][%mdl 4096] Endgame KRR-KRN} 23. Re4 Kh7 24. Ra8 f5 25. Rxd4 Kg6 26. Rdd8 Kf7 27. d4 Ke7 28. c4 g5 29. c5 1-0

[Event "98th Caplin Hastings Masters 2024-25"]
[Site "Hastings"]
[Date "2024.12.31"]
[Round "6.45"]
[White "Wilson, Matthew R"]
[Black "Han, Yongsu"]
[Result "1-0"]
[ECO "C54"]
[WhiteElo "1766"]
[BlackElo "1718"]
[Annotator "NA"]
[PlyCount "101"]
[EventDate "2024.12.23"]
[EventType "swiss"]
[EventCountry "ENG"]
[SourceTitle "playchess.com"]
[Source "ChessBase"]
[SourceQuality "1"]
[TimeControl "5400+30"]

1. e4 e5 2. Nf3 Nc6 3. Bc4 Bc5 4. c3 Nf6 5. d3 O-O 6. Bb3 d5 7. exd5 Nxd5 8. O-O Bg4 9. Nbd2 Nf4 10. Ne4 Nxd3 11. Bc2 f5 12. Bxd3 fxe4 13. Qb3+ Kh8 14. Bxe4 Bb6 15. Ng5 Be2 16. Nf7+ Rxf7 17. Qxf7 Bxf1 18. Qh5 Qg8 19. Kxf1 Rd8 20. Qe2 Qf7 21. Be3 Bxe3 22. Qxe3 Qh5 23. h3 Na5 24. Bf3 Qf7 25. b3 Qf5 26. Re1 Nc6 27. Bxc6 bxc6 28. Qxe5 Qd3+ 29. Kg1 h6 30. Qxc7 Rf8 31. Qe5 Qd2 32. Re2 Qc1+ 33. Kh2 Qf1 34. Qe3 a6 35. f3 Qd1 36. Qd2 Qxd2 37. Rxd2 Re8 38. Kg3 Re5 39. Kf4 Rc5 40. c4 a5 41. Re2 Rg5 42. g4 a4 43. Re6 axb3 44. axb3 Ra5 45. Rxc6 Kg8 46. b4 Ra7 47. Kf5 Rf7+ 48. Kg6 Rf8 49. b5 h5 50. b6 hxg4 51. hxg4 1-0

[Event "98th Caplin Hastings Masters 2024-25"]
[Site "Hastings"]
[Date "2024.12.31"]
[Round "6.46"]
[White "Dette, Jan"]
[Black "Miller, Daniel"]
[Result "1/2-1/2"]
[ECO "B23"]
[WhiteElo "2102"]
[BlackElo "2093"]
[Annotator "TA"]
[PlyCount "61"]
[EventDate "2024.12.23"]
[EventType "swiss"]
[EventCountry "ENG"]
[SourceTitle "playchess.com"]
[Source "ChessBase"]
[SourceQuality "1"]
[TimeControl "5400+30"]

1. e4 c5 2. Nc3 d6 3. Bb5+ Nd7 4. a4 Ngf6 5. f4 e5 (5... e6 $11) 6. d3 Be7 7. Nf3 O-O 8. f5 {[%emt 0:06:58] White is more active.} d5 9. Bxd7 Bxd7 10. Nxe5 Bd6 (10... dxe4 $14 11. dxe4 Re8) 11. Nxd7 $16 Qxd7 12. O-O (12. exd5 Rae8+ (12... Qxf5 13. Qf3 $11) 13. Kf1 h5 $17 (13... Qxf5+ 14. Qf3 $11)) ({White has to play} 12. Bg5 $16) 12... Qc7 (12... dxe4 $11 13. Bg5 (13. Nxe4 Nxe4 14. dxe4 Rad8 $11) (13. dxe4 Rfe8 $11) 13... exd3) 13. g3 (13. Nxd5 $16 Bxh2+ 14. Kh1 Nxd5 15. exd5) 13... Bxg3 $11 14. Qe2 Be5 15. Nxd5 Nxd5 16. exd5 Rfe8 17. Qg2 f6 {[%emt 0:00:10][%mdl 1024] Black has compensation.} 18. c4 Re7 19. Rb1 Rae8 20. b4 $2 (20. Kh1 $11) 20... Bd4+ $2 (20... cxb4 $17 {...Bd6 is the strong threat.} 21. Qf2 Bc3) 21. Kh1 Re2 22. Bf4 $1 Rxg2 (22... Qd7 $11 {remains equal.} 23. Qf3 cxb4) 23. Bxc7 $16 Ree2 {[%emt 0:00:05] [#]} 24. bxc5 (24. Rfe1 $1 $16 Rc2 25. Re8+ Kf7 26. Rh8 (26. Rbe1 Be5 $17) 26... cxb4 27. Bd6) 24... Be5 $1 $11 25. Bxe5 (25. Rxb7 $2 Rxh2+ 26. Kg1 Reg2#) 25... fxe5 {[%emt 0:00:06][%mdl 4096] Endgame KRR-KRR. White is two pawns up.} 26. Rf3 (26. Rxb7 $2 {leads to mate.} Rxh2+ 27. Kg1 Reg2#) 26... Rxh2+ 27. Kg1 Reg2+ 28. Kf1 Rc2 29. Rg3 {[%emt 0:01:59][%cal Of1g1] Kg1! is the strong threat.} (29. Rxb7 $2 Rh1#) 29... Rh1+ $1 30. Rg1 Rhh2 31. Rg3 (31. Rxb7 $2 Rc1#) 1/2-1/2

[Event "98th Caplin Hastings Masters 2024-25"]
[Site "Hastings"]
[Date "2024.12.31"]
[Round "6.47"]
[White "Flynn, David"]
[Black "Norinkeviciute, Rasa"]
[Result "1/2-1/2"]
[ECO "B23"]
[WhiteElo "1834"]
[BlackElo "1952"]
[Annotator "NA RC"]
[PlyCount "54"]
[EventDate "2024.12.23"]
[EventType "swiss"]
[EventCountry "ENG"]
[SourceTitle "playchess.com"]
[Source "ChessBase"]
[SourceQuality "1"]
[TimeControl "5400+30"]

1. e4 c5 2. Nc3 Nc6 3. Bb5 Nd4 4. Nf3 Nxb5 5. Nxb5 a6 6. Nc3 d6 7. d4 cxd4 8. Qxd4 e6 9. Bg5 f6 10. Be3 Ne7 11. O-O-O Nc6 12. Qd2 Qa5 13. Kb1 Be7 14. g4 O-O 15. h4 Bd7 16. g5 f5 17. g6 f4 18. gxh7+ Kh8 19. Bxf4 e5 20. Bg5 Bg4 21. Bxe7 Nxe7 22. Qxd6 Bxf3 23. Qxe7 Rae8 24. Qd7 Rd8 25. Qe7 Rde8 26. Qd7 Rd8 27. Qe7 Rde8 1/2-1/2

[Event "98th Caplin Hastings Masters 2024-25"]
[Site "Hastings"]
[Date "2024.12.31"]
[Round "6.48"]
[White "Bryant, Marc A"]
[Black "Fryer, David W"]
[Result "0-1"]
[ECO "A00"]
[WhiteElo "1825"]
[BlackElo "1928"]
[Annotator "NA RC"]
[PlyCount "34"]
[EventDate "2024.12.23"]
[EventType "swiss"]
[EventCountry "ENG"]
[SourceTitle "playchess.com"]
[Source "ChessBase"]
[SourceQuality "1"]
[TimeControl "5400+30"]

1. a3 f5 2. e4 e5 3. exf5 Nf6 4. Be2 Bc5 5. Bh5+ Kf8 6. b4 Bb6 7. Bb2 d6 8. g4 Nc6 9. Nf3 e4 10. Ng5 Nxh5 11. Nxe4 Nf6 12. Nxf6 gxf6 13. g5 Qe7+ 14. Kf1 Bxf5 15. Qf3 Qe6 16. Bxf6 Bh3+ 17. Kg1 Qe1# 0-1